 Dungeon Crawl Stone Soup version 0.28-a0-851-g8b9cc49659 (webtiles) character file.

Game seed: 7486007939866140199

66 croobank the Sneak (level 4, 0/35 HPs)
             Began as a Human Delver on Nov 14, 2021.
             Was an Initiate of Makhleb.
             Slain by an iguana (7 damage)
             ... on level 4 of the Dungeon.
             The game lasted 00:14:44 (3580 turns).

croobank the Sneak (Human Delver)                   Turns: 3580, Time: 00:14:44

Health: 0/35       AC:  3    Str: 13    XL:     4   Next: 37%
Magic:  4/4        EV: 12    Int: 10    God:    Makhleb [......]
Gold:   85         SH:  0    Dex: 15    Spells: 0/3 levels left

rFire   . . .      SeeInvis .   a - +0 hand axe
rCold   . . .      Faith    .   (no shield)
rNeg    . . .      Spirit   .   b - +0 leather armour
rPois   .          Reflect  .   (no helmet)
rElec   .          Harm     .   (no cloak)
rCorr   +          Rampage  .   (no gloves)
Will    .....                   (no boots)
Stlth   +++.......              p - amulet of the acrobat
HPRegen 0.11/turn               e - ring of flight
MPRegen 0.09/turn               k - ring of resist corrosion

@: flying
A: no striking features
a: Renounce Religion


You were on level 4 of the Dungeon.
You worshipped Makhleb.
Makhleb was noncommittal.
You visited 1 branch of the dungeon, and saw 5 of its levels.

You collected 85 gold pieces.

Inventory:

Hand Weapons
 a - a +0 hand axe (weapon)
 h - a +0 dagger
Missiles
 i - 69 stones (quivered)
Armour
 b - a +0 leather armour (worn)
 o - a +0 ring mail
Jewellery
 e - a ring of flight (left hand)
 k - a ring of resist corrosion (right hand)
 p - an amulet of the acrobat (around neck)
Wands
 g - a wand of digging (3)
Scrolls
 c - a scroll of fog
 d - a scroll of magic mapping
 f - 3 scrolls of teleportation
Potions
 j - a potion of cancellation {unknown}
 l - a potion of curing {unknown}
 n - 2 potions of heal wounds {unknown}


   Skills:
 + Level 3.2 Fighting
 + Level 2.4 Axes
 + Level 0.7 Armour
 + Level 2.4 Dodging
 + Level 5.8 Stealth
 * Level 0.1 Spellcasting


You couldn't memorise any spells.
You knew the following spells:

 Your Spells              Type           Power      Damage    Failure   Level
a - Ensorcelled Hibernat  Hex/Ice        0%         N/A       58%         2
b - Foxfire               Conj/Fire      0%         2x1d4     43%         1

Your spell library contained the following spells:

 Spells                   Type           Power      Damage    Failure   Level
 Conjure Flame            Conj/Fire      0%         6-21      82%         3
 Inner Flame              Hex/Fire       0%         N/A       82%         3
 Spider Form              Tmut/Pois      0%         N/A       82%         3
 Animate Dead             Necr           0%         N/A       99%         4
 Flame Wave               Conj/Fire      0%         3d3       99%         4
 Haunt                    Necr/Summ      0%         N/A       100%        7
 Infestation              Necr           0%         N/A       100%        8


Dungeon Overview and Level Annotations

Branches:
Dungeon (5/15)
 Temple: D:4-7

Altars:
Makhleb


Message History

r - Retreat! s - Stop attacking. g - Guard the area. f - Follow me.
Anything else - Cancel.
Okay, then.
As you read the scroll of fear, it crumbles to dust.
You assume a fearsome visage.
The sky beast looks frightened!
The sky beast flickers out of sight!
Deactivating autopickup; reactivate with Ctrl-A.
There is an escape hatch in the floor here.
There is an escape hatch in the floor here.
You fly downwards.
The hatch slams shut behind you.
Reactivating autopickup.
Found 56 stones.
There is a stone staircase leading down here.
The iguana hisses menacingly.
There is a stone staircase leading up here.
You fly upwards.
There is a stone staircase leading down here.
You start resting.
HP restored.
You fly downwards.
The iguana bites you.
There is a stone staircase leading up here.
You hit the iguana but do no damage. The iguana closely misses you.
You hit the iguana.
The iguana is moderately wounded.
The iguana bites you!
You barely miss the iguana.
The iguana is moderately wounded.
The iguana bites you! x2
* * * LOW HITPOINT WARNING * * *
You hit the iguana.
The iguana is heavily wounded.
The iguana closely misses you.
You hit the iguana.
The iguana is severely wounded.
The iguana completely misses you.
You hit the iguana.
The iguana is almost dead.
The iguana bites you!
You die...

###########
#####.........#####
+.......##.........
#......l.....###
#......@.....+.#
#............#.#
#......#.#...#.#
###+##...#...#.#
##..#.#...#
........>.#
##..#.#...#
#..#.#...#
#..#.#...#


You could see an iguana.

Vanquished Creatures
  2 adders
  A worm (D:2)
  4 endoplasms
  3 giant cockroaches (D:1)
  5 hobgoblins
  3 jackals (D:1)
  6 kobolds
  2 quokkas
  2 ball pythons
  3 bats
  4 frilled lizards
  3 goblins
  6 rats
44 creatures vanquished.

Notes
Turn   | Place    | Note
-------+----------+-------------------------------------------
     0 | D:5      | croobank the Human Delver began the quest for the Orb.
     0 | D:5      | Reached XP level 1. HP: 18/18 MP: 1/1
    39 | D:5      | Noticed a scorpion
    67 | D:5      | Noticed an iguana
   114 | D:5      | Noticed an orc wizard
   322 | D:4      | Reached XP level 2. HP: 24/24 MP: 2/2
   431 | D:2      | Reached XP level 3. HP: 19/29 MP: 3/3
  1406 | D:1      | Reached XP level 4. HP: 35/35 MP: 4/4
  2522 | D:2      | Found a burning altar of Makhleb.
  2530 | D:2      | Became a worshipper of Makhleb the Destroyer
  2611 | D:2      | Learned a level 2 spell: Ensorcelled Hibernation
  2844 | D:2      | Learned a level 1 spell: Foxfire
  2889 | D:3      | Noticed a sky beast
  3580 | D:4      | Slain by an iguana

Illustrated notes

Levels and vault maps discovered:
D:1:      lightli_arrival_maybe_door_vault, layout_basic
D:2:      layout_basic, basic_altar
D:3:      layout_basic, serial_corexii_hall, corexii_hall_statues_x,
          corexii_hall_statues_u, corexii_hall_statues_t,
          chequers_ecumenical_altar_island, minivault_25,
          roderic_serpentine_path
D:4:      layout_basic, nicolae_hepliaklqana_hippocampus,
          minmay_temple_entry_statues_pillars, uniq_edmund
D:5:      layout_gridville

Action                   |  1- 3 |  4- 6 || total
-------------------------+-------+-------++-------
Melee: Hand axe          |    92 |    79 ||   171
Throw: Stone             |     7 |       ||     7
  Use: Scroll            |     2 |     4 ||     6
       Potion            |     1 |       ||     1
 Stab: Sleeping          |     6 |     2 ||     8
Armor: Leather armour    |    27 |    14 ||    41
Dodge: Dodged            |    76 |    31 ||   107

Table legend: (Time is in decaauts)
 A = Elapsed time spent in this place.
 B = Non-inter-level travel time spent in this place.
 C = Inter-level travel time spent in this place.
 D = Time resting spent in this place.
 E = Time spent auto-exploring this place.
 F = Levels seen in this place.
 G = Mean time per level.
                   A        B        C        D        E       F      G
               +--------+--------+--------+--------+--------+-----+--------+
         Total |   3596 |   3558 |     38 |   1263 |   1428 |   5 |  719.2 |
       Dungeon |   3596 |   3558 |     38 |   1263 |   1428 |   5 |  719.2 |
               +--------+--------+--------+--------+--------+-----+--------+

Top non-repeatable levels by time:
     D:2: 1302 daAuts
     D:1: 1229 daAuts
     D:3: 728 daAuts
     D:4: 197 daAuts
     D:5: 138 daAuts
